 Seeded DCSS version 0.32-a0-871-ge202e49faa (webtiles) character file.

Game seed: 15562797286271388475 (custom seed)

6573 Griffin23 the Carver (level 10, -7/92 HPs)
             Began as a Minotaur Fighter on Mar 29, 2024.
             Was an Elder of Lugonu.
             Mangled by a white ugly thing (29 damage)
             ... on level 10 of the Dungeon.
             The game lasted 00:16:30 (8982 turns).

Griffin23 the Carver (Minotaur Fighter)             Turns: 8982, Time: 00:16:45

Health: -7/92      AC: 20    Str: 27    XL:     10   Next: 70%
Magic:  9/9        EV:  6    Int:  8    God:    Lugonu [****..]
Gold:   429        SH: 11    Dex: 17    Spells: 9/9 levels left

rFire   . . .        f - +6 demon blade (venom)
rCold   . . .        c - +0 buckler
rNeg    . . .        I - +0 plate armour
rPois   .            (helmet restricted)
rElec   .            x - +0 cloak
rCorr   +            z - +2 pair of gloves
SInv    .            t - +0 pair of boots
Will    .....        H - amulet of reflection Stlth
                     j - ring of resist corrosion
HPRegen 0.35/turn    J - ring of Boxu {Str+3 Int+3 Dex+6}
MPRegen 0.11/turn

%: reflection
@: no status effects
A: horns 2, retaliatory headbutt
a: Renounce Religion, Depart the Abyss, Banish, Corrupt


You were on level 10 of the Dungeon.
You worshipped Lugonu.
Lugonu was greatly pleased with you.
You visited 1 branch of the dungeon, and saw 11 of its levels.
You visited the Abyss 1 time.
You also visited: Sewer.

You collected 429 gold pieces.

Inventory:

Hand Weapons
 a - a +0 long sword
 f - a +6 demon blade of venom (weapon)
Missiles
 N - 14 boomerangs (quivered)
 Q - a throwing net
Armour
 b - a +0 scale mail
 c - a +0 buckler (worn)
 o - a +0 pair of gloves
 t - a +0 pair of boots (worn)
 x - a +0 cloak (worn)
 y - a +0 chain mail of poison resistance
 z - a +2 pair of gloves (worn)
 I - a +0 plate armour (worn)
Jewellery
 j - a ring of resist corrosion (left hand)
 H - an amulet of reflection (around neck)
 J - the ring of Boxu (right hand) {Str+3 Int+3 Dex+6}
   (You acquired it on level 6 of the Dungeon)

   [ring of dexterity]

   Str+3:     It affects your strength (+3).
   Int+3:     It affects your intelligence (+3).
   Dex+6:     It affects your dexterity (+6).
Wands
 v - a wand of charming (12)
 B - a wand of warping (4)
Scrolls
 e - 5 scrolls of teleportation
 k - a scroll of blinking {unknown}
 m - a scroll of fog {unknown}
 n - 2 scrolls of fear {unknown}
 q - a scroll of butterflies {unknown}
 r - 2 scrolls of enchant armour {unknown}
 u - a scroll of noise
 A - 2 scrolls of amnesia {unknown}
 C - 2 scrolls of poison {unknown}
 E - a scroll of brand weapon {unknown}
 F - 2 scrolls of torment {unknown}
 G - 2 scrolls of vulnerability {unknown}
 L - a scroll of enchant weapon
 M - 3 scrolls of identify
 O - a scroll of acquirement
Potions
 d - a potion of might
 g - 2 potions of curing {unknown}
 h - a potion of cancellation {unknown}
 i - 3 potions of heal wounds {unknown}
 l - 3 potions of enlightenment {unknown}
 p - 2 potions of brilliance {unknown}
 s - 2 potions of ambrosia {unknown}
 w - a potion of resistance {unknown}
 D - 2 potions of magic {unknown}
 K - a potion of berserk rage {unknown}
 P - 2 potions of attraction {unknown}


   Skills:
 + Level 9.6 Fighting
 * Level 12.4 Long Blades
 + Level 9.6 Armour
 + Level 9.5 Shields


You had 9 spell levels left.
You didn't know any spells.
Your spell library contained the following spells:

 Spells                   Type           Power      Damage    Failure   Level
 Apportation              Tloc           0%         N/A       99%         1
 Necrotise                Necr           0%         1d4       99%         1
 Sting                    Conj/Alch      0%         1d3       99%         1
 Summon Small Mammal      Summ           0%         N/A       99%         1
 Jinxbite                 Hex            0%         N/A       100%        2
 Static Discharge         Conj/Air       0%         3-3/arc   100%        2
 Frozen Ramparts          Ice            0%         1d1       100%        3
 Ozocubu's Armour         Ice            0%         N/A       100%        3
 Airstrike                Air            0%         2d(0-16)  100%        4
 Summon Lightning Spire   Summ/Air       0%         N/A       100%        4
 Vhi's Electric Charge    Tloc/Air       0%         N/A       100%        4
 Arcjolt                  Conj/Air       0%         1d10      100%        5
 Metabolic Englaciation   Hex/Ice        0%         N/A       100%        5
 Yara's Violent Unravell  Hex/Alch       0%         3d3       100%        5
 Plasma Beam              Fire/Air       0%         2x1d10    100%        6
 Sculpt Simulacrum        Ice/Alch       0%         N/A       100%        6
 Enfeeble                 Hex            0%         N/A       100%        7
 Ozocubu's Refrigeration  Ice            0%         4d7       100%        7
 Polar Vortex             Ice            0%         N/A       100%        9


Dungeon Overview and Level Annotations

Branches:
Dungeon (11/15)            Temple (0/1) D:6            Lair (0/5) D:8
  Sewer (visited)
    Orc: D:9-12

Altars:
Ashenzari
Cheibriados
Dithmenos
Fedhas
Gozag
Hepliaklqana
Kikubaaqudgha
Makhleb
Qazlal
Trog
Uskayaw
The Shining One


Innate Abilities, Weirdness & Mutations

You have a pair of horns on your head.
You reflexively headbutt those who attack you in melee.


Message History

You see here a +0 whip.
A malevolent force fills the Dungeon...
You fall into a shaft and drop 2 floors!
The shaft crumbles and collapses.
Found a stone staircase leading up.
Found a stone staircase leading up.
Found a war axe.
There is a stone staircase leading up here.
You climb upwards.
The white ugly thing gurgles horribly!
Found an escape hatch in the floor.
There is a stone staircase leading down here.
Found an escape hatch in the ceiling.
You barely miss the white ugly thing. You headbutt the white ugly thing!
The white ugly thing is moderately wounded.
You closely miss the white ugly thing.
The white ugly thing is moderately wounded.
The white ugly thing kicks you. The white ugly thing freezes you!!
You slash the white ugly thing!
The white ugly thing looks as sick as possible!
The white ugly thing is moderately wounded.
The white ugly thing kicks you but does no damage.
A yak comes into view.
You barely miss the white ugly thing.
Your headbutt misses the white ugly thing.
The white ugly thing is moderately wounded.
You hit the white ugly thing.
The white ugly thing looks as sick as possible!
The white ugly thing is heavily wounded.
The white ugly thing kicks you. The white ugly thing freezes you!!
You are too injured to fight recklessly!
You are too injured to fight recklessly!
You are too injured to fight recklessly!
You slash the white ugly thing!
The white ugly thing looks as sick as possible!
The white ugly thing is severely wounded.
The white ugly thing kicks you!
* * * LOW HITPOINT WARNING * * *
The white ugly thing freezes you!!
You die...

.. ##. ..
#.## ...##
###..>.#..
#.......#
#.>....#<
#@......#
#u#...#.#
....#....
#...###..#
#..## #...
.Y#+ #..
#.# #. #.


You could see a white ugly thing (extremely poisoned) and a yak.

Vanquished Creatures
  Maggie (D:9)
  A troll (D:9)
  Grinder (D:4)
  4 yaks (D:9)
  2 wyverns (D:7)
  A ynoxinul (D:9)
  A basilisk (D:8)
  A steam dragon (D:9)
  3 water moccasins
  5 ice beasts
  An orc warrior (D:7)
  A sky beast (D:8)
  3 black bears
  3 ogres
  2 wolves
  2 centaurs (D:5)
  2 phantoms
  3 kobold brigands
  4 bullfrogs
  2 gnoll sergeants
  7 scorpions
  8 wights
  3 howler monkeys (D:9)
  4 bombardier beetles (D:5)
  A jelly (D:6)
  Crazy Yiuf (D:5)
  2 orc priests
  3 hounds
  A sleepcap (D:7)
  6 iguanas
  A gnoll bouda (D:9)
  9 orc wizards
  A hell rat (Sewer)
  15 gnolls
  7 adders
  A river rat (Sewer)
  A shadow imp (D:5)
  A white imp (D:5)
  8 ufetubi
  2 ribbon worms
  30 orcs
  6 ball pythons
  4 endoplasms
  A giant cockroach (D:3)
  3 hobgoblins
  6 jackals
  4 quokkas
  5 bats
  A frilled lizard (D:1)
  8 goblins
  20 kobolds
  9 rats
222 creatures vanquished.

Notes
Turn   | Place    | Note
-------+----------+-------------------------------------------
     0 | D:1      | Griffin23 the Minotaur Fighter began the quest for the Orb.
     0 | D:1      | Reached XP level 1. HP: 19/19 MP: 0/0
   750 | D:1      | Reached XP level 2. HP: 27/27 MP: 1/1
  1520 | D:2      | Reached skill level 3 in Long Blades
  1520 | D:2      | Reached XP level 3. HP: 16/33 MP: 2/2
  1794 | D:2      | Reached XP level 4. HP: 37/40 MP: 3/3
  1961 | D:2      | Identified a scroll of acquirement
  1962 | D:2      | Acquired a +3 demon blade of venom
  2245 | D:3      | Found a hazy altar of Hepliaklqana.
  2504 | D:3      | Noticed an ice beast
  2508 | D:3      | Killed an ice beast
  2509 | D:3      | Reached skill level 4 in Long Blades
  2509 | D:3      | Reached XP level 5. HP: 35/47 MP: 4/4
  3095 | D:4      | Noticed a phantom
  3103 | D:4      | Killed a phantom
  3104 | D:4      | Reached skill level 5 in Fighting
  3104 | D:4      | Reached skill level 5 in Long Blades
  3104 | D:4      | Reached skill level 5 in Armour
  3104 | D:4      | Reached skill level 5 in Shields
  3104 | D:4      | Reached XP level 6. HP: 52/56 MP: 5/5
  3455 | D:5      | Entered Level 5 of the Dungeon
  3610 | D:4      | Found a snail-covered altar of Cheibriados.
  3720 | D:4      | Reached XP level 7. HP: 61/61 MP: 6/6
  3757 | D:4      | Reached skill level 6 in Long Blades
  3775 | D:4      | Noticed Grinder
  3776 | D:4      | Found a glowing golden altar of the Shining One.
  3852 | D:4      | Identified the flux talisman of the Haunted God {Int+3}
  3915 | D:4      | Killed Grinder
  4086 | D:5      | Found a blossoming altar of Fedhas.
  4179 | D:5      | Reached skill level 7 in Long Blades
  4196 | D:5      | Reached XP level 8. HP: 22/70 MP: 7/7
  4481 | Abyss:1  | Found a corrupted altar of Lugonu.
  4481 | Abyss:1  | Found a roughly hewn altar of Beogh.
  4481 | Abyss:1  | Cast into level 1 of the Abyss (gnoll sergeant)
  4575 | Abyss:1  | Found a roughly hewn altar of Beogh.
  4581 | Abyss:1  | Noticed a raiju
  4587 | Abyss:1  | Found a corrupted altar of Lugonu.
  4602 | Abyss:1  | Became a worshipper of Lugonu the Unformed
  4602 | Abyss:1  | Reached * piety under Lugonu
  4602 | Abyss:1  | Reached ** piety under Lugonu
  4603 | D:5      | Escaped the Abyss
  4605 | D:5      | Reached skill level 8 in Long Blades
  4939 | D:5      | Noticed a +0 short sword
  4939 | D:5      | Noticed a +0 falchion
  4939 | D:5      | Noticed a +0 dagger
  4940 | D:5      | Noticed a +0 spear
  4940 | D:5      | Noticed a +0 short sword
  4940 | D:5      | Noticed a +0 dagger
  4942 | D:5      | Noticed a +0 spear
  4942 | D:5      | Noticed a +0 falchion
  4946 | D:5      | Found a hide-covered altar of Uskayaw.
  4984 | D:5      | Found an ancient bone altar of Kikubaaqudgha.
  5072 | D:5      | Reached skill level 9 in Long Blades
  5084 | D:5      | Reached XP level 9. HP: 45/79 MP: 8/8
  5387 | D:5      | Found a runed translucent door.
  5388 | D:5      | Noticed Crazy Yiuf
  5495 | D:5      | Killed Crazy Yiuf
  5678 | D:6      | Found a glowing drain.
  5699 | Sewer    | Entered a sewer
  5968 | D:6      | Reached *** piety under Lugonu
  6022 | D:6      | Acquired the ring of Boxu {Str+3 Int+3 Dex+6}
  6040 | D:6      | Identified the +0 war axe of the Hammering Augurer {holy,
                  | ^Drain rF+++ Str+4}
  6132 | D:6      | Found a staircase to the Ecumenical Temple.
  6311 | D:6      | Found a burning altar of Makhleb.
  6311 | D:6      | Found a stormy altar of Qazlal.
  6462 | D:7      | Found a shadowy altar of Dithmenos.
  6517 | D:7      | Reached skill level 10 in Long Blades
  6975 | D:7      | Found a broken altar of Ashenzari.
  7045 | D:8      | Found a flagged portal.
  7747 | D:7      | Reached skill level 11 in Long Blades
  7754 | D:7      | Reached XP level 10. HP: 55/90 MP: 9/9
  8173 | D:8      | Reached **** piety under Lugonu
  8264 | D:8      | Found an opulent altar of Gozag.
  8269 | D:8      | Found Gozag's Platinum Reserve.
  8289 | D:8      | Found a staircase to the Lair.
  8771 | D:9      | Noticed Maggie
  8773 | D:9      | Reached skill level 12 in Long Blades
  8780 | D:9      | Killed Maggie
  8801 | D:9      | Found a bloodstained altar of Trog.
  8966 | D:9      | You fall into a shaft and drop 2 floors!
  8975 | D:10     | Entered Level 10 of the Dungeon
  8975 | D:10     | Noticed a white ugly thing
  8982 | D:10     | Mangled by a white ugly thing

Illustrated notes

Levels and vault maps discovered:
D:1:      dpeg_arrival_boxes_within_box, layout_basic, hangedman_decor_push,
          minmay_distorted
D:2:      layout_basic
D:3:      layout_loops_corners, mainiacjoe_overflow_boulevard,
          chequers_serial_rivers_marsh, dk_noncrumbling_4
D:4:      layout_basic, old_standard_altar, tso_metal_star, uniq_grinder
D:5:      cheibrodos_fzero, layout_basic, kennysheep_little_box,
          nicolae_uskayaw_en_pointe, fedhas_altar_3, uniq_crazy_yiuf_cottage
D:6:      layout_loops_ring, gammafunk_temple_overflow_elements,
          minmay_temple_entry_sparse_star, cheibrodos_sewer_entry_sluice
D:7:      layout_basic, mainiacjoe_overflow_alcove_4, mainiacjoe_overflow_paths
D:8:      layout_rooms, nicolae_gozag_zags_fifth_avenue,
          minmay_lair_entry_grove, enter_bailey_5
D:9:      layout_gridville, nzn_overflow_gifts_of_might_and_magic,
          serial_park_tiny_2, minmay_misc_feat_encased,
          nicolae_houndstooth_variations, uniq_maggie
D:10:     layout_loops_ring, nemelex_diamond_rough_becter, lemuel_doored_altar,
          okawaru_ov_weapons_minmay, nicolae_the_louvre
D:11:     layout_roguey, st_stairs_5

Skill      XL: |  1  2  3  4  5  6  7  8  9 10 |
---------------+-------------------------------+-----
Shields        | 4 5 6 7 8 9 |  9.5
Armour         | 4 5 6 7 8 9 |  9.6
Fighting       | 4 5 6 7 8 9 |  9.6
Long Blades    | 3 4 5 7 9 11 12 | 12.4

Action                     |  1- 3 |  4- 6 |  7- 9 | 10-12 || total
---------------------------+-------+-------+-------+-------++-------
  Melee: Long sword        |    86 |       |       |       ||    86
         Headbutt          |    16 |     9 |    39 |    19 ||    83
         Demon blade       |       |    57 |   274 |   138 ||   469
 Invoke: Depart the Abyss  |       |       |     1 |       ||     1
    Use: Scroll            |       |     3 |     6 |       ||     9
 Armour: Scale mail        |    67 |    11 |       |       ||    78
         Chain mail        |       |    12 |   199 |       ||   211
         Plate armour      |       |       |    83 |   129 ||   212
  Dodge: Dodged            |    44 |    22 |    93 |    35 ||   194
  Block: Buckler           |    28 |    18 |   128 |    84 ||   258
         Reflection        |       |       |     1 |     9 ||    10

Table legend: (Time is in decaauts)
 A = Elapsed time spent in this place.
 B = Non-inter-level travel time spent in this place.
 C = Inter-level travel time spent in this place.
 D = Time resting spent in this place.
 E = Time spent auto-exploring this place.
 F = Levels seen in this place.
 G = Mean time per level.
                   A        B        C        D        E       F      G
               +--------+--------+--------+--------+--------+-----+--------+
         Total |   8984 |   8223 |    761 |   1397 |   5557 |  13 |  691.1 |
       Dungeon |   8740 |   7979 |    761 |   1397 |   5400 |  11 |  794.5 |
         Abyss |    121 |    121 |      0 |      0 |     87 |   1 |  121.0 |
         Sewer |    122 |    122 |      0 |      0 |     69 |   1 |  122.0 |
               +--------+--------+--------+--------+--------+-----+--------+

Top non-repeatable levels by time:
     D:7: 1670 daAuts
     D:5: 1387 daAuts
     D:1: 1314 daAuts
     D:3: 1034 daAuts
     D:2: 932 daAuts
     D:4: 840 daAuts
     D:6: 731 daAuts
     D:8: 562 daAuts
     D:9: 252 daAuts
   Sewer: 122 daAuts
 Abyss:1: 121 daAuts
    D:11: 8 daAuts
    D:10: 5 daAuts
